Arty in Base we come to Base

Match 12937397
End
Royal Engineer Section
Vickers Machine Gun Team
Selects Indian Artillery Battlegroup
Construct Section Command Post
Infantry Section
Infantry Section
Construct Field Infirmary
Construct Field Infirmary
Vickers Machine Gun Team
Selects Towed ML 4.2-inch Heavy Mortar
ML 3-inch Mortar Team
Construct Platoon Command Post
Selects Off-map Airburst Barrage
Unlock Bishop Self-propelled Artillery
Bishop Self-propelled Artillery
6-pounder Anti-tank Gun Team
Off-map Airburst Barrage
Unlock M3 Stuart Light Tanks
Infantry Section
M3 Stuart Light Tank
Royal Engineer Section
Selects BL5.5 Artillery Emplacement
Off-map Airburst Barrage
M3 Stuart Light Tank
Off-map Airburst Barrage
Selects War Cry
Off-map Airburst Barrage
Infantry Section
M3 Stuart Light Tank
Bishop Self-propelled Artillery
Selects Gurkha Rifles Section
Off-map Airburst Barrage
M3 Stuart Light Tank
Grenade Package
M3 Stuart Light Tank
Royal Engineer Section
Off-map Airburst Barrage
Selects Volunteer Infantry
Infantry Section
Infantry Section
Infantry Section
Off-map Airburst Barrage
Construct Field Infirmary
Construct Field Infirmary
Infantry Section
Royal Engineer Section
Royal Engineer Section
Off-map Airburst Barrage
hoonigan0311x
IxEuphoricxI
Meathead1291
Kazt
Silber Speer
Para_Dilshan
0
0

Comments sign in to comment!

No comments posted yet!